 Dungeon Crawl Stone Soup version 0.30-a0-292-g0f741e3f8e (webtiles) character file.

Game seed: 14863063488498598308

40 brknglss the Firebug (level 3, -2/20 HPs)
             Began as a Deep Elf Fire Elementalist on Oct 17, 2022.
             Slain by Natasha (4 damage)
             ... on level 2 of the Dungeon.
             The game lasted 00:03:44 (1258 turns).

brknglss the Firebug (Deep Elf Fire Elementalist)   Turns: 1258, Time: 00:03:44

Health: -2/20      AC:  2    Str:  7    XL:     3   Next: 30%
Magic:  0/9        EV: 13    Int: 19    God:
Gold:   61         SH:  0    Dex: 15    Spells: 5/8 levels left

rFire   . . .      SeeInvis .    h - +0 dagger
rCold   . . .      Faith    .    (no shield)
rNeg    . . .      Spirit   .    a - +0 robe
rPois   .          Reflect  .    (no helmet)
rElec   .          Harm     .    (no cloak)
rCorr   .          Rampage  .    (no gloves)
Will    .....                    (no boots)
Stlth   ++........               (no amulet)
HPRegen 0.23/turn                (no ring)
MPRegen 0.11/turn                (no ring)

@: no status effects
A: no striking features
a: no special abilities


You were on level 2 of the Dungeon.
You visited 1 branch of the dungeon, and saw 2 of its levels.

You collected 61 gold pieces.

Inventory:

Hand Weapons
 h - a +0 dagger (weapon)
Missiles
 o - 3 poisoned darts
Armour
 a - a +0 robe (worn)
Scrolls
 c - a scroll of fog {unknown}
 d - a scroll of vulnerability {unknown}
 e - a scroll of blinking {unknown}
 f - a scroll of amnesia {unknown}
 i - a scroll of fear {unknown}
 k - a scroll of brand weapon {unknown}
 n - 2 scrolls of noise {unknown}
Potions
 b - a potion of magic
 g - 2 potions of curing {unknown}
 j - a potion of might {unknown}
 l - a potion of cancellation {unknown}
 m - a potion of heal wounds {unknown}


   Skills:
 + Level 0.7 Fighting
 + Level 2.8 Dodging
 - Level 2.4 Stealth
 + Level 3.4 Spellcasting
 + Level 1.8 Conjurations
 * Level 3.8 Fire Magic


You had 5 spell levels left.
You knew the following spells:

 Your Spells              Type           Power      Damage    Failure   Level
a - Foxfire               Conj/Fire      56%        2x1d6     4%          1
b - Scorch                Fire           36%        2d7       4%          2

Your spell library contained the following spells:

 Spells                   Type           Power      Damage    Failure   Level
 Apportation              Tloc           6%         N/A       14%         1
 Necrotise                Necr           12%        1d4       14%         1
 Summon Small Mammal      Summ           12%        N/A       14%         1
 Inner Flame              Hex/Fire       10%        N/A       21%         3
 Kindle Blastsparks       Fire/Tloc/Air  16%        2d11      26%         3
 Flame Wave               Conj/Fire      14%        2d6       41%         4


Dungeon Overview and Level Annotations

Branches:
Dungeon (2/15)

Altars:

Annotations:
D:2 Natasha


Message History

The adder poisons you!
Casting: Scorch (safe; 4% risk of failure)
Confirm with . or Enter, or press ? or * to list all spells.
Flames lash the adder.
The adder is burned terribly!
You kill the adder!
You feel sick.
You feel sick.
You see here an adder corpse.
Casting: Scorch (safe; 4% risk of failure)
Confirm with . or Enter, or press ? or * to list all spells.
Flames lash Natasha.
Natasha is moderately wounded.
Natasha's fire resistance burns away.
You feel sick.
Natasha extends her claws.
Natasha claws you!
* * * LOW HITPOINT WARNING * * *
Casting: Scorch (safe; 4% risk of failure)
Confirm with . or Enter, or press ? or * to list all spells.
Flames lash the frilled lizard.
You kill the frilled lizard!
You feel sick. Natasha claws you.
* * * LOW HITPOINT WARNING * * *
Casting: Scorch (safe; 4% risk of failure)
Confirm with . or Enter, or press ? or * to list all spells.
You conjure some foxfire!
* * * LOW HITPOINT WARNING * * *
You feel sick.
You are no longer poisoned.
Natasha closely misses you.
You hit Natasha.
Natasha is heavily wounded.
Natasha barely misses you.
You barely miss Natasha.
Natasha is heavily wounded.
Natasha is no longer more vulnerable to fire.
Natasha closely misses you.
You hit Natasha.
Natasha is severely wounded.
Natasha claws you.
You die...

#######.###.#
#.#.######
#.# #.#
#.#.......
#.# #.#
#.########
#.# #.# #>#
#.# #.# #.#
###### #.#
#.# #..
...... #.#
#.# ......
#v# ######
#@# #h# #.#
#.# #.# ...
#.# #..


You could see Natasha (ally target).

Vanquished Creatures
  An adder (D:2)
  3 dart slugs (D:1)
  2 endoplasms (D:1)
  A goblin (D:1)
  A hobgoblin (D:1)
  A quokka (D:1)
  6 bats
  A frilled lizard (D:2)
  3 kobolds
  10 rats (D:1)
29 creatures vanquished.

Vanquished Creatures (others)
  55 foxfires
55 creatures vanquished.

Grand Total: 84 creatures vanquished

Notes
Turn   | Place    | Note
-------+----------+-------------------------------------------
     0 | D:1      | brknglss the Deep Elf Fire Elementalist began the quest for
                  | the Orb.
     0 | D:1      | Reached XP level 1. HP: 10/10 MP: 6/6
   101 | D:1      | Reached XP level 2. HP: 12/15 MP: 0/8
   404 | D:1      | Learned a level 2 spell: Scorch
   811 | D:1      | Reached XP level 3. HP: 20/20 MP: 6/9
  1249 | D:2      | Noticed Natasha
  1255 | D:2      | HP: 1/20 [poisoned by an adder]
  1258 | D:2      | Slain by Natasha

Illustrated notes

Levels and vault maps discovered:
D:1:      amcnicky_arrival_gap_in_the_tavern_cellar, layout_loops_ring,
          minivault_26, minmay_rat_gold_closets
D:2:      layout_loops_ring, uniq_natasha

Action                   || total
-------------------------++-------
Melee: Dagger            ||    19
 Cast: Foxfire           ||    45
       Scorch            ||    12
 Stab: Sleeping          ||     3
Armor: Robe              ||     4
Dodge: Dodged            ||    18

Table legend: (Time is in decaauts)
 A = Elapsed time spent in this place.
 B = Non-inter-level travel time spent in this place.
 C = Inter-level travel time spent in this place.
 D = Time resting spent in this place.
 E = Time spent auto-exploring this place.
 F = Levels seen in this place.
 G = Mean time per level.
                   A        B        C        D        E       F      G
               +--------+--------+--------+--------+--------+-----+--------+
         Total |   1257 |   1248 |      9 |    152 |    795 |   2 |  628.5 |
       Dungeon |   1257 |   1248 |      9 |    152 |    795 |   2 |  628.5 |
               +--------+--------+--------+--------+--------+-----+--------+

Top non-repeatable levels by time:
     D:1: 1083 daAuts
     D:2: 173 daAuts
